 Dungeon Crawl Stone Soup version 0.29.0-4-gdea44cf6ec (webtiles) character file.

Game seed: 16673010973557015109

665 qw the Cleaver (level 7, -13/41 HPs)
             Began as a Tengu Warper on Aug 28, 2022.
             Killed by divine providence
             ... invoked by an orc priest
              (15 damage)
             ... on level 6 of the Dungeon.
             The game lasted 00:00:25 (4585 turns).

qw the Cleaver (Tengu Warper)                       Turns: 4585, Time: 00:00:25

Health: -13/41     AC: 12    Str: 15    XL:     7   Next: 57%
Magic:  11/11      EV:  6    Int: 13    God:
Gold:   198        SH:  5    Dex: 17    Spells: 10/10 levels left

rFire   . . .      SeeInvis +   Y - +0 hand axe (vorpal)
rCold   . . .      Faith    .   (no shield)
rNeg    . . .      Spirit   .   s - +0 plate armour
rPois   .          Reflect  +   (helmet restricted)
rElec   .          Harm     .   h - +0 cloak
rCorr   .          Rampage  .   (no gloves)
Will    .....                   (boots unavailable)
Stlth   ..........              j - amulet "Juchax" {Reflect Str+2 Dex+3 Slay+2 SH+5 Stlth+}
HPRegen 0.13/turn               f - ring of see invisible
MPRegen 0.12/turn               a - +4 ring of slaying {mikee}

@: about to teleport, flying quickly and evasively, quick
A: beak, talons 3, nimble flight
a: no special abilities


You were on level 6 of the Dungeon.
You visited 1 branch of the dungeon, and saw 8 of its levels.

You collected 198 gold pieces.


Innate Abilities, Weirdness & Mutations

You have a beak for a mouth.
You have claws for feet.
Your magical nature lets you fly swiftly and evasively.


   Skills:
 - Level 3.1 Fighting
 + Level 8.0 Axes
 - Level 1.0 Throwing
 - Level 3.1 Armour
 - Level 2.1 Dodging
 - Level 2.0 Spellcasting
 - Level 2.4 Translocations


You had 10 spell levels left.
You didn't know any spells.
Your spell library contained the following spells:

 Spells                   Type           Power      Damage    Failure   Level
 Blink                    Tloc           14%        N/A       100%        2
 Gell's Gravitas          Tloc           7%         N/A       100%        3
 Lesser Beckoning         Tloc           7%         N/A       100%        3
 Teleport Other           Tloc           7%         N/A       100%        3
 Manifold Assault         Tloc           7%         N/A       100%        5

Inventory:

Hand Weapons
 l - a +0 flail
 Y - a +0 vorpal hand axe (weapon)
Missiles
 q - 4 boomerangs (quivered)
Armour
 h - a +0 cloak (worn)
 s - a +0 plate armour (worn)
Jewellery
 a - a +4 ring of slaying (right hand) {mikee}
 e - a ring of positive energy
 f - a ring of see invisible (left hand)
 j - the amulet "Juchax" (around neck) {Reflect Str+2 Dex+3 Slay+2 SH+5 Stlth+}
   (You found it on level 2 of the Dungeon)

   [amulet of reflection]

   It reflects blocked missile attacks.
   Str:       It affects your strength (+2).
   Dex:       It affects your dexterity (+3).
   Slay:      It affects your accuracy & damage with ranged weapons and melee
   (+2).
   SH:        It affects your SH (+5).
   Stlth:     It makes you more stealthy.
 k - a ring of protection from cold
Scrolls
 b - a scroll of identify
 c - a scroll of teleportation
Potions
 d - a potion of mutation {unknown}
 g - a potion of cancellation {unknown}
 i - a potion of curing
 m - a potion of lignification {unknown}
 n - 2 potions of heal wounds
 o - a potion of might {unknown}

Dungeon Overview and Level Annotations

Branches:
Dungeon (8/15)
 Temple: D:4-7         Lair: D:8-11

Altars:
Fedhas
Gozag
Qazlal
Ru
Yredelemnul


Message History

The gnoll sergeant drinks a potion.
The gnoll sergeant is healed!
You hit the gnoll sergeant. You claw the gnoll sergeant.
You peck the gnoll sergeant.
The gnoll sergeant is heavily wounded.
You hit the orc. You block the orc's attack.
You block the gnoll sergeant's attack.
The orc priest calls down the wrath of Beogh upon you.
Beogh smites you!
You hit the gnoll sergeant but do no damage.
You peck the gnoll sergeant.
The gnoll sergeant is almost dead.
You closely miss the orc. The orc hits you but does no damage.
The gnoll sergeant drinks a potion.
The gnoll sergeant is healed!
The orc priest invokes the aid of Beogh against you.
Beogh smites you!
You barely miss the orc.
The orc is heavily wounded.
You hit the gnoll sergeant but do no damage.
The orc barely misses you.
The gnoll sergeant hits you but does no damage.
An orc comes into view. It is wielding a +0 dagger.
You hit the orc but do no damage. Your kick misses the orc.
The orc is heavily wounded.
You closely miss the gnoll sergeant. The orc closely misses you.
You block the gnoll sergeant's attack.
You hit the orc. You claw the orc.
You kill the orc!
You closely miss the gnoll sergeant. You block the gnoll sergeant's attack.
The orc priest mumbles some strange prayers to Beogh against you.
Beogh smites you!
4585 ||| READING 2 scrolls of teleportation.
As you read the scroll of teleportation, it crumbles to dust.
You feel strangely unstable. The gnoll hits you with a +0 whip.
The gnoll sergeant hits you but does no damage.
The orc priest invokes the aid of Beogh against you.
Beogh smites you!
You die...

.. . . .#. .?o
##o# #.#..o###
...g.ggg########
#@#........
#....~~.~~..
#..~..~.~..~.
#..~~.....~~.
#......_.....
#..~~.....~~..
#..~..~.~..~..
##...~~.~~...
##.........#


You could see a gnoll sergeant, an orc priest, 3 gnolls and 2 orcs.

Vanquished Creatures
  A water moccasin (D:6)
  2 scorpions
  A howler monkey (D:6)
  4 jellies
  A hound (D:4)
  3 iguanas
  4 gnolls (D:4)
  4 adders
  A white imp (D:5)
  An ufetubus (D:4)
  2 worms
  2 dart slugs
  6 orcs
  11 endoplasms
  7 goblins
  7 hobgoblins
  6 jackals
  A quokka (D:4)
  4 ball pythons
  A bat (D:2)
  3 frilled lizards (D:1)
  7 kobolds
  9 rats
88 creatures vanquished.

Notes
Turn   | Place    | Note
-------+----------+-------------------------------------------
     0 | D:1      | qw the Tengu Warper began the quest for the Orb.
     0 | D:1      | Reached XP level 1. HP: 12/12 MP: 4/4
     0 | D:1      | 0 ||| qw: Version: 0.1-a-89-g26bdef1
     0 | D:1      | 0 ||| qw: Game counter: 3311
     0 | D:1      | 0 ||| qw: Always use a shield: true
     0 | D:1      | 0 ||| qw: God list: Okawaru
     0 | D:1      | 0 ||| qw: Allow faded altars: false
     0 | D:1      | 0 ||| qw: Do Orc after D:15 true
     0 | D:1      | 0 ||| qw: Do second Lair branch before Depths: true
     0 | D:1      | 0 ||| qw: Lair rune preference: random
     0 | D:1      | 0 ||| qw: Plans: Normal
     0 | D:1      | 0 ||| PLANNING D:1-11
    27 | D:1      | 27 ||| Stepping ~*~*~tactically~*~*~ (stealth).
   210 | D:1      | Reached XP level 2. HP: 17/17 MP: 6/6
   224 | D:1      | Reached skill level 3 in Axes
  1038 | D:1      | Reached XP level 3. HP: 21/21 MP: 7/7
  1250 | D:1      | 1250 ||| UPGRADING to +0 chain mail.
  1260 | D:1      | 1260 ||| DROPPING +0 leather armour.
  1261 | D:1      | 1261 ||| UPGRADING to +0 cloak.
  1266 | D:1      | 1266 ||| UPGRADING to ring of see invisible.
  1267 | D:1      | 1267 ||| READING scroll labelled PIBBIA RUUG.
  1268 | D:1      | 1268 ||| READING scroll labelled GAREQU HUIDUISM.
  1269 | D:1      | 1269 ||| READING scroll labelled CAASOID YHICO.
  1270 | D:1      | 1270 ||| READING scroll labelled FOGUDYIDUL.
  1273 | D:1      | 1273 ||| READING scroll labelled DEGHUS OFEO.
  1274 | D:1      | 1274 ||| DROPPING scroll of blinking.
  1396 | D:2      | Reached skill level 4 in Axes
  1585 | D:2      | Identified the amulet "Juchax" {Reflect Str+2 Dex+3 Slay+2
                  | SH+5 Stlth+}
  1621 | D:2      | 1621 ||| DROPPING +0 whip.
  2070 | D:2      | Reached XP level 4. HP: 20/26 MP: 8/8
  2229 | D:2      | 2229 ||| UPGRADING to amulet "Juchax" {Reflect Str+2 Dex+3
                  | Slay+2 SH+5 Stlth+}.
  2234 | D:2      | 2234 ||| UPGRADING to +4 ring of slaying {mikee}.
  2235 | D:2      | 2235 ||| READING 2 scrolls of identify.
  2235 | D:2      | 2235 ||| IDENTIFYING metallic amethyst potion
  2236 | D:2      | 2236 ||| DROPPING potion of brilliance.
  2357 | D:3      | 2357 ||| Stepping ~*~*~tactically~*~*~ (stealth).
  2362 | D:3      | 2362 ||| Stepping ~*~*~tactically~*~*~ (stealth).
  2368 | D:3      | Reached skill level 5 in Axes
  2399 | D:3      | 2399 ||| Stepping ~*~*~tactically~*~*~ (stealth).
  2400 | D:3      | Found an opulent altar of Gozag.
  2500 | D:3      | 2500 ||| Stepping ~*~*~tactically~*~*~ (hiding).
  2504 | D:3      | 2504 ||| Stepping ~*~*~tactically~*~*~ (hiding).
  2716 | D:3      | 2716 ||| Stepping ~*~*~tactically~*~*~ (stealth).
  3004 | D:3      | 3004 ||| DRINKING 3 glowing blue potions.
  3232 | D:4      | Noticed a scorpion
  3238 | D:4      | Gained mutation: Your magical nature lets you fly swiftly
                  | and evasively. [Tengu growth]
  3238 | D:4      | Reached XP level 5. HP: 23/30 MP: 9/9
  3242 | D:4      | Reached skill level 6 in Axes
  3338 | D:4      | Identified the +0 dagger of Crystal {spect, Str+3 Dex+4
                  | Stlth+}
  3613 | D:4      | Reached XP level 6. HP: 35/35 MP: 10/10
  4004 | D:4      | 4004 ||| UPGRADING to +0 plate armour.
  4014 | D:4      | 4014 ||| DROPPING +0 chain mail.
  4015 | D:4      | 4015 ||| DROPPING ring of ice.
  4016 | D:4      | 4016 ||| READING scroll labelled JAXUUXK KYUH.
  4055 | D:5      | Entered Level 5 of the Dungeon
  4056 | D:5      | 4056 ||| PLANNING OSSUARY
  4056 | D:5      | 4056 ||| STAIRDANCE
  4105 | D:5      | 4105 ||| STAIRDANCE
  4214 | D:5      | Reached skill level 3 in Armour
  4217 | D:5      | Reached skill level 7 in Axes
  4217 | D:5      | 4217 ||| STAIRDANCE
  4308 | D:5      | 4308 ||| FLEEEEING.
  4309 | D:5      | 4309 ||| FLEEEEING.
  4312 | D:5      | 4312 ||| STAIRDANCE
  4388 | D:5      | Reached XP level 7. HP: 40/40 MP: 11/11
  4409 | D:5      | You are sucked into a shaft and drop 3 floors!
  4416 | D:8      | 4416 ||| DRINKING 2 emerald potions.
  4444 | D:6      | Reached skill level 3 in Fighting
  4461 | D:6      | Found a blossoming altar of Fedhas.
  4490 | D:6      | Found a stormy altar of Qazlal.
  4512 | D:6      | Found a sacrificial altar of Ru.
  4524 | D:6      | Found a basalt altar of Yredelemnul.
  4535 | D:6      | Reached skill level 8 in Axes
  4573 | D:6      | 4573 ||| Stepping ~*~*~tactically~*~*~ (hiding).
  4584 | D:6      | HP: 3/41 [orc priest/divine providence (15)]
  4585 | D:6      | 4585 ||| READING 2 scrolls of teleportation.
  4585 | D:6      | Killed from afar by an orc priest

Levels and vault maps discovered:
D:1:      lightli_arrival_quake, layout_loops_ring, kennysheep_another_room
D:2:      layout_basic
D:3:      layout_basic, mainiacjoe_overflow_paths, kennysheep_generic_room_4
D:4:      layout_cave_pods
D:5:      layout_rooms, mainiacjoe_overflow_catwalk,
          chequers_ossuary_entry_cave, gammafunk_ghost_stat_death
D:6:      layout_loops_ring, nicolae_ru_awakened_eye,
          eat_drink_and_be_merry_uskayaw, mainiacjoe_overflow_small_starburst,
          lemuel_doored_altar, grunt_qazlal_clouds
D:7:      layout_basic, nicolae_vehumet_altar_sigil, slow_altar_2,
          minmay_temple_entry_gardened_gates,
          eino_small_chamber_without_monster, grunt_tough_drop
D:8:      layout_cave_pools, pdpol_wu_jian_five_deadly_venoms,
          grunt_dithmenos_shadows, uniq_psyche, uniq_grum, uniq_gastronok

Skill      XL: |  1  2  3  4  5  6  7 |
---------------+----------------------+-----
Axes           | 3 4 5 6 7 8 |  8.0
Armour         | 2 3 |  3.1
Fighting       | 3 |  3.1
Throwing       | |  1.0
Dodging        | |  2.1
Spellcasting   | |  2.0
Translocations | |  2.4

Action                   |  1- 3 |  4- 6 |  7- 9 || total
-------------------------+-------+-------+-------++-------
Melee: Hand axe          |    76 |    56 |    17 ||   149
       Kick              |    13 |    13 |     8 ||    34
       Peck              |    12 |     7 |     5 ||    24
       Punch             |     1 |       |       ||     1
Throw: Boomerang         |     7 |    14 |     9 ||    30
  Use: Scroll            |     5 |     2 |     1 ||     8
       Potion            |       |     1 |     1 ||     2
Armor: Leather armour    |     8 |       |       ||     8
       Chain mail        |    18 |    12 |       ||    30
       Plate armour      |       |    16 |     4 ||    20
Dodge: Dodged            |    29 |     8 |     5 ||    42
Block: Other             |       |     6 |     6 ||    12

Table legend:
 A = Non-vault XP
 B = Vault XP
 C = Vault XP percentage of total XP
 D = Non-vault monster count
 E = Vault monster count
 F = Vault count percentage of total count
                 A         B        C        D         E       F
            +---------+---------+-------+---------+---------+-------
      Total |     951 |       0 |   0.0 |      88 |       0 |   0.0
            +---------+---------+-------+---------+---------+-------
        D:1 |      40 |       0 |   0.0 |      23 |       0 |   0.0
        D:2 |      57 |       0 |   0.0 |      14 |       0 |   0.0
        D:3 |      51 |       0 |   0.0 |      23 |       0 |   0.0
        D:4 |     277 |       0 |   0.0 |      16 |       0 |   0.0
        D:5 |     198 |       0 |   0.0 |       6 |       0 |   0.0
        D:6 |     328 |       0 |   0.0 |       6 |       0 |   0.0
            +---------+---------+-------+---------+---------+-------
